 Dungeon Crawl Stone Soup version 0.18.1-50-g88ac8fd (webtiles) character file.

214 Hawkwind the Shield-Bearer (level 5, -1/33 HPs)
             Began as a Gargoyle Fighter on May 25, 2019.
             Was an Initiate of Okawaru.
             Killed by divine providence
             ... invoked by an orc priest
              (11 damage)
             ... on level 3 of the Dungeon.
             The game lasted 00:10:49 (2095 turns).

Hawkwind the Shield-Bearer (Gargoyle Fighter)       Turns: 2095, Time: 00:10:49

Health: -1/33      AC: 12    Str: 20    XL:     5   Next: 92%
Magic:  5/5        EV:  8    Int:  9    God:    Okawaru [......]
Gold:   118        SH:  9    Dex:  9    Spells: 0 memorised, 4 levels left

rFire  . . .     SeeInvis .     a - +0 trident
rCold  . . .     Gourm    .     b - +0 scale mail
rNeg   + . .     Faith    .     c - +0 shield
rPois  ∞         Spirit   .     (no helmet)
rElec  +         Dismiss  .     (no cloak)
rCorr  .         Reflect  .     (no gloves)
SustAt .         Harm     .     (no boots)
MR     .....                    (no amulet)
Stlth  ..........               (no ring)
                                g - +1 ring of protection

@: not resistant to hostile enchantments, extremely unstealthy
A: negative energy resistance 1, electricity resistance, unbreathing,
petrification resistance, rot immunity, AC +4
a: Renounce Religion


You were on level 3 of the Dungeon.
You worshipped Okawaru.
Okawaru was noncommittal.
You were not hungry.

You visited 2 branches of the dungeon, and saw 5 of its levels.

You collected 118 gold pieces.

Inventory:

Hand Weapons
 a - a +0 trident (weapon)
Missiles
 l - 6 javelins (quivered)
Armour
 b - a +0 scale mail (worn)
 c - a +0 shield (worn)
Jewellery
 g - a +1 ring of protection (left hand)
Scrolls
 d - a scroll of immolation {unknown}
 h - a scroll of enchant weapon {unknown}
 i - 9 scrolls of identify {unknown}
 j - 2 scrolls of teleportation {unknown}
 k - a scroll of enchant armour {unknown}
 m - 2 scrolls of remove curse {unknown}
 n - a scroll of blinking {unknown}
Potions
 e - a potion of cancellation {unknown}
 o - a potion of magic {unknown}
 q - a potion of lignification {unknown}
 r - a potion of curing {unknown}
 t - a potion of agility {unknown}
 v - a potion of brilliance {unknown}
 w - a potion of heal wounds {unknown}
Comestibles
 f - 2 bread rations
 p - 2 meat rations
 s - 4 fruits
 u - a slice of pizza
 x - a chunk of flesh


   Skills:
 + Level 3.8 Fighting
 + Level 2.6 Polearms
 + Level 4.1 Armour
 + Level 1.9 Dodging
 + Level 4.9 Shields


You had 4 spell levels left.
You didn't know any spells.

Dungeon Overview and Level Annotations

Branches:
Dungeon (4/15)             Temple (1/1) D:4

Altars:
Makhleb
Okawaru
Qazlal
Ru
Sif Muna
Xom
Yredelemnul
Zin


Innate Abilities, Weirdness & Mutations

You are resistant to torment.
Your stone body is resilient (AC +4).
You are immune to poison.
You resist negative energy.
You are resistant to electric shocks.
You can survive without breathing.
You are immune to petrification.
You are immune to rotting.


Message History

You see here a stone.
An adder comes into view.
You hit the adder but do no damage. You block the adder's attack. x2
You closely miss the adder. You block the adder's attack.
You hit the adder.
The adder is moderately wounded.
The adder bites you but does no damage.
The orc priest invokes the aid of Beogh against you.
Beogh smites you! The adder barely misses you.
The adder bites you but does no damage. The adder bites you but does no damage.
The orc priest calls down the wrath of Beogh upon you.
Beogh smites you!
* * * LOW HITPOINT WARNING * * *
You block the adder's attack.
A rat comes into view.
The adder bites you but does no damage.
The orc priest calls down the wrath of Beogh upon you.
Beogh smites you!
You die...

#.# #.#.# #.#
#.#####.#.################
#.#
#.....)..(((......†......#
#.#
..o...o.......##########.#
#.# #######.#####.# #.#
#.# #######.# #.# #.# #.#
.......o# #.# #.# #.#
#######.# #.##########.#
#.# #.#####..S@........#
#.#
#..o..or#########..####.#
##.....## #.......#
#.#.#.# #.####### .....#.#
#.# ###.###.# #.#########
#.. ..# #.>......<. ###
### ###########


You could see an orc priest, an adder, an orc and a rat.

Vanquished Creatures
  A water moccasin (D:4)
  A crimson imp (D:4)
  A worm (D:2)
  2 dart slugs (D:1)
  2 giant geckos (D:2)
  3 orcs
  7 giant cockroaches
  2 gnoll zombies (D:4)
  6 goblins
  5 hobgoblins
  11 jackals
  A quokka (D:2)
  6 bats
  6 kobolds
  3 rats
57 creatures vanquished.

Notes
Turn   | Place    | Note
--------------------------------------------------------------
     0 | D:1      | Hawkwind the Gargoyle Fighter began the quest for the Orb.
     0 | D:1      | Reached XP level 1. HP: 14/14 MP: 1/1
   129 | D:3      | Noticed an orc priest
   131 | D:3      | Noticed an orc priest
   135 | D:2      | Reached XP level 2. HP: 19/19 MP: 2/2
   504 | D:4      | Found a shimmering altar of Xom.
   505 | D:4      | Noticed a crimson imp
   505 | D:4      | Noticed a crimson imp
   506 | D:4      | Noticed a crimson imp
   550 | D:4      | Noticed a water moccasin
   591 | D:4      | Found a basalt altar of Yredelemnul.
   699 | D:4      | Killed a water moccasin
   699 | D:4      | Reached skill level 1 in Dodging
   699 | D:4      | Reached XP level 3. HP: 17/24 MP: 3/3
   699 | D:4      | Reached XP level 4. HP: 20/29 MP: 4/4
   699 | D:4      | Reached XP level 5. HP: 23/33 MP: 5/5
   726 | D:4      | Found a staircase to the Ecumenical Temple.
   738 | Temple   | Entered the Ecumenical Temple
   747 | Temple   | Became a worshipper of Warmaster Okawaru
  1870 | D:3      | Found a stormy altar of Qazlal.
  2095 | D:3      | Killed from afar by an orc priest

Skill      XL: |  1  2  3  4  5 |
---------------+----------------+-----
Polearms       | 2 |  2.6
Dodging        | 1 |  1.9
Shields        | 4 |  4.9
Armour         | 4 |  4.1
Fighting       | |  3.8

Action                   |  1- 3 |  4- 6 || total
-------------------------+-------+-------++-------
Melee: Trident           |    78 |   186 ||   264
  Use: Potion            |     1 |       ||     1
  Eat: Chunk             |       |     4 ||     4
Armor: Scale mail        |    50 |   112 ||   162
Dodge: Dodged            |    46 |    76 ||   122
Block: Shield            |    60 |   114 ||   174
